Map: Ulrena

Players

Hellhammer - Winner!

  • Race: Zerg Zerg
  • League: Gold

LemmysJack

  • Race: Protoss Protoss
  • League: Gold

VOD

Have the link to the VOD?

Description

Time

  • Played on: Feb. 27, 2016, 11:48 a.m.
  • Length: 14:56
Show
View Real Time Build Order
Export as new Build Order

Hellhammer Zerg - Winner!

Build Orders: Hatch First 

Get SALT Encoding   

  12  0:01  Drone  
  13  0:12  Overlord  
  13  0:20  Drone  
  14  0:31  Drone x2  
  14  0:35  Drone  
  17  0:57  Hatchery, Drone  
  17  1:05  Extractor  
  17  1:06  Drone  
  17  1:16  Spawning Pool  
  16  1:19  Drone  
  16  1:23  Drone  
  18  1:30  Drone  
  19  1:39  Drone  
  20  1:49  Overlord  
  20  2:03  Queen  
  20  2:05  Metabolic Boost  
  22  2:10  Zergling x2  
  22  2:11  Zergling x2  
  26  2:25  Extractor  
  25  2:30  Roach Warren  
  25  2:33  Zergling x10  
  27  3:09  Roach  
  27  3:10  Overlord x2  
  29  3:15  Lair  
  29  3:31  Roach x3  
  35  3:46  Roach x3  
  41  4:00  Evolution Chamber  
  40  4:03  Evolution Chamber  
  30  4:26  Roach x4  
  30  4:30  Drone  
  31  5:15  Hydralisk Den, Queen  
  32  5:25  Drone x5  
  37  5:45  Hydralisk x2  
  41  5:55  Hydralisk  
  43  6:00  Hydralisk  
  45  6:04  Overlord  
  43  6:27  Hydralisk x3  
  49  6:35  Muscular Augments  
  49  6:36  Hydralisk  
  51  6:45  Hydralisk  
  53  6:48  Overlord  
  53  7:09  Hydralisk  
  53  7:10  Zergling x2, Hydralisk  
  58  7:22  Overlord  
  56  7:32  Zergling x6  
  59  7:45  Roach  
  59  7:51  Lurker Den  
  61  7:54  Zergling x2  
  51  8:12  Hydralisk x3  
  43  8:25  Zergling x4  
  45  8:49  Zerg Missile Weapons Level 1  
  45  8:53  Zergling x4  
  45  9:06  Hydralisk x4  
  53  9:20  Lurker  
  54  9:25  Zergling x2  
  55  9:32  Hatchery  
  55  9:34  Zergling x2  
  55  9:50  Lurker  
  50  10:06  Hydralisk x3  
  44  10:26  Overseer  
  44  10:28  Zergling x6  
  47  10:35  Ravager  
  48  10:47  Zergling x4  
  42  11:05  Zergling x6  
  37  11:21  Hydralisk x3  
  37  11:22  Hydralisk  
  41  11:28  Lurker  
  42  11:45  Hydralisk  
  42  12:05  Hydralisk x2  
  38  12:25  Zergling x6  
  41  12:44  Zergling x2  
  41  12:45  Zergling x4  
  44  13:16  Zergling x4  
  44  13:17  Zergling x2  
  47  13:54  Hatchery  
  45  14:22  Drone x2  
Show
View Real Time Build Order
Export as new Build Order

LemmysJack Protoss 

Build Orders:  

Get SALT Encoding   

  12  0:02  Probe (Chrono Boost)  
  13  0:12  Probe (Chrono Boost)  
  14  0:19  Pylon  
  14  0:23  Probe (Chrono Boost)  
  15  0:38  Probe (Chrono Boost), Gateway  
  16  0:47  Assimilator  
  16  0:48  Probe (Chrono Boost)  
  17  0:59  Probe (Chrono Boost)  
  18  1:08  Forge  
  18  1:13  Probe (Chrono Boost)  
  19  1:23  Probe (Chrono Boost)  
  20  1:26  Cybernetics Core  
  20  1:36  Pylon  
  20  1:44  Probe (Chrono Boost)  
  21  1:56  Photon Cannon  
  21  2:05  Photon Cannon  
  21  2:08  Photon Cannon  
  21  2:16  Photon Cannon  
  21  2:21  Probe (Chrono Boost)  
  21  2:22  Warp Gate (Chrono Boost)  
  22  2:33  Probe  
  23  2:39  Pylon  
  23  2:45  Probe (Chrono Boost)  
  24  2:56  Probe (Chrono Boost), Photon Cannon  
  25  3:07  Probe, Gateway  
  26  3:23  Probe (Chrono Boost)  
  27  3:33  Assimilator  
  27  3:35  Probe (Chrono Boost)  
  28  3:43  Gateway  
  28  3:45  Probe (Chrono Boost)  
  28  3:46  Gateway  
  29  3:53  Protoss Ground Weapons Level 1 (Chrono Boost)  
  29  3:56  Probe  
  30  4:08  Mothership Core (Chrono Boost)  
  32  4:11  Twilight Council  
  31  4:27  Probe (Chrono Boost)  
  32  4:47  Pylon  
  32  4:50  Pylon  
  32  5:05  Probe (Chrono Boost)  
  33  5:12  Pylon  
  33  5:17  Pylon  
  34  5:28  Probe (Chrono Boost)  
  34  5:31  Zealot x2  
  34  5:32  Zealot x2  
  42  5:39  Probe (Chrono Boost), Photon Cannon  
  42  5:42  Charge (Chrono Boost)  
  43  5:50  Probe (Chrono Boost)  
  44  5:58  Zealot x2  
  44  6:01  Probe (Chrono Boost)  
  49  6:12  Probe  
  49  6:14  Protoss Ground Weapons Level 2 (Chrono Boost)  
  48  6:32  Photon Cannon  
  48  6:34  Photon Cannon  
  48  6:38  Probe (Chrono Boost)  
  49  6:43  Zealot  
  51  6:50  Probe (Chrono Boost)  
  52  6:55  Zealot  
  54  7:01  Stalker  
  56  7:17  Zealot  
  56  7:18  Stalker  
  56  7:20  Sentry  
  60  7:33  Pylon  
  60  7:36  Zealot  
  62  7:41  Probe (Chrono Boost)  
  63  7:52  Probe  
  46  8:21  Zealot  
  46  8:22  Stalker, Zealot  
  46  8:23  Stalker  
  54  8:27  Probe  
  55  8:40  Mothership Core  
  57  8:47  Photon Cannon  
  57  8:57  Stargate  
  57  9:01  Probe  
  57  9:13  Probe  
  57  9:14  Zealot x2  
  62  9:22  Pylon  
  62  9:25  Probe  
  63  9:44  Pylon  
  53  10:26  Zealot  
  53  10:27  Stalker, Zealot  
  53  10:28  Zealot  
  59  10:35  Robotics Facility  
  45  11:12  Photon Cannon  
  42  11:19  Probe  
  42  11:21  Phoenix (Chrono Boost)  
  42  11:25  Zealot x3  
  49  11:26  Zealot  
  49  11:31  Probe  
  54  11:43  Mothership Core  
  56  11:52  Zealot  
  56  11:53  Zealot  
  60  12:05  Probe  
  57  12:17  Probe  
  58  12:29  Probe  
  59  12:47  Pylon  
  59  12:54  Pylon  
  59  12:56  Pylon  
  59  13:05  Phoenix (Chrono Boost)  
  61  13:12  Observer (Chrono Boost)  
  61  13:56  Nexus  
  61  14:18  Photon Cannon  
Tags
 
League
GoldGold
Matchup
PvZ
Add a new tag
Caveats
  • Supply blocks, unpowered buildings, or Contaminate may cause inaccurate times.
  • Supply counts are checked every 10 seconds.